 Dungeon Crawl Stone Soup version 0.28.0-53-g5a82cb258f (webtiles) character file.

Game seed: 13857532965676392112

226 issech the Chopper (level 5, -3/48 HPs)
             Began as a Minotaur Monk on June 4, 2022.
             Slain by an ogre
             ... wielding a +0 giant club
              (13 damage)
             ... on level 4 of the Dungeon.
             The game lasted 00:08:02 (3721 turns).

issech the Chopper (Minotaur Monk)                  Turns: 3721, Time: 00:08:03

Health: -3/48      AC:  7    Str: 15    XL:     5   Next: 69%
Magic:  4/4        EV: 11    Int:  7    God:
Gold:   105        SH:  0    Dex: 15    Spells: 4/4 levels left

rFire   . . .      SeeInvis .   u - +4 quarterstaff (chaos)
rCold   . . .      Faith    .   (shield currently unavailable)
rNeg    . . .      Spirit   .   f - +0 scale mail
rPois   .          Reflect  .   (helmet restricted)
rElec   .          Harm     .   t - +0 cloak
rCorr   +          Rampage  .   (no gloves)
Will    .....                   (no boots)
Stlth   +.........              (no amulet)
HPRegen 0.16/turn               w - ring of resist corrosion
MPRegen 0.09/turn               (no ring)

@: no status effects
A: horns 2, retaliatory headbutt
a: no special abilities


You were on level 4 of the Dungeon.
You visited 1 branch of the dungeon, and saw 4 of its levels.

You collected 105 gold pieces.

Inventory:

Hand Weapons
 a - a +0 hand axe
 j - a +0 rapier
 n - a +0 dagger of pain
 u - a +4 quarterstaff of chaos (weapon)
Missiles
 e - 17 sling bullets
 g - 68 stones (quivered)
 p - 43 arrows
 r - 16 bolts
Armour
 b - a +0 robe
 f - a +0 scale mail (worn)
 t - a +0 cloak (worn)
 v - a +0 cloak
Jewellery
 w - a ring of resist corrosion (left hand)
Scrolls
 c - a scroll of magic mapping {unknown}
 h - 2 scrolls of amnesia {unknown}
 m - a scroll of identify {unknown}
 o - 4 scrolls of teleportation {unknown}
 q - a scroll of enchant weapon {unknown}
 y - a scroll of vulnerability {unknown}
Potions
 d - 3 potions of curing {unknown}
 i - a potion of degeneration {unknown}
 k - a potion of attraction {unknown}
 l - a potion of resistance {unknown}
 s - a potion of flight {unknown}
 x - a potion of lignification {unknown}


   Skills:
 + Level 5.1 Fighting
 + Level 5.4 Axes
 + Level 1.1 Staves
 + Level 2.7 Armour
 + Level 4.0 Dodging
 + Level 1.6 Stealth


You had 4 spell levels left.
You didn't know any spells.
Your spell library contained the following spells:

 Spells                   Type           Power      Damage    Failure   Level
 Ensorcelled Hibernation  Hex/Ice        0%         N/A       95%         2
 Scorch                   Fire           0%         2d5       95%         2
 Gell's Gravitas          Tloc           0%         N/A       99%         3
 Lesser Beckoning         Tloc           0%         N/A       99%         3
 Spider Form              Tmut/Pois      0%         N/A       99%         3
 Teleport Other           Tloc           0%         N/A       99%         3
 Anguish                  Hex/Necr       0%         N/A       100%        4
 Flame Wave               Conj/Fire      0%         2d4       100%        4
 Olgreb's Toxic Radiance  Pois           0%         N/A       100%        4
 Summon Cactus Giant      Summ           0%         N/A       100%        6
 Ozocubu's Refrigeration  Ice            0%         4d5       100%        7
 Ignition                 Fire           0%         3d3       100%        8


Dungeon Overview and Level Annotations

Branches:
Dungeon (4/15)
 Temple: D:4-7

Altars:
Dithmenos

Shops:
D:1 [


Innate Abilities, Weirdness & Mutations

You have a pair of horns on your head.
You reflexively headbutt those who attack you in melee.


Message History

You see here a dart slug corpse.
You see here a +0 club.
You see here a +0 club.
You see here a dart slug corpse.
An orc comes into view. It is wielding a +0 trident.
You see here a +0 dagger.
An orc is nearby!
The orc shouts!
The orc barely misses you. The orc barely misses you. You furiously retaliate!
You headbutt the orc!
You kill the orc!
g - 68 stones (gained 20)
Things that are here:
a +0 trident; an orc corpse An orc comes into view.
It is wielding a +0 falchion.
Things that are here:
a +0 trident; an orc corpse You barely miss the orc.
The orc hits you but does no damage. The orc completely misses you.
You completely miss the orc. The orc closely misses you.
You furiously retaliate!
You headbutt the orc. You closely miss the orc.
The orc is lightly wounded.
The orc closely misses you. You furiously retaliate!
You headbutt the orc.
You kill the orc!
Things that are here:
a +0 falchion; a +0 ring mail; an orc corpse The ogre shouts!
You thump the ogre!
The ogre is poisoned.
You headbutt the ogre.
The ogre is heavily wounded.
The ogre hits you with a +0 giant club!!
You barely miss the ogre. You headbutt the ogre!
The ogre is severely wounded.
The ogre hits you with a +0 giant club!!
* * * LOW HITPOINT WARNING * * *
Found a stone staircase leading down.
You barely miss the ogre.
The ogre is almost dead.
The ogre hits you with a +0 giant club!
You die...

.. ######### ..##
#.......> ...
...###........ ....
#...#........
...##............
##.#..#............
....#.#....@.......
#..#......O....... #. #
#................. #.#
#.#.##..............
#.###.#.####..####.##...
#...#....##...# .# ..
#...# #.......# .. .
#...###.#.....# ##.
#.......###...# .#


You could see an ogre (very poisoned).

Vanquished Creatures
  An orc priest (D:4)
  Crazy Yiuf (D:3)
  A hound (D:4)
  A hound zombie (D:3)
  5 adders
  3 dart slugs
  4 orcs
  6 endoplasms
  4 giant cockroaches
  7 goblins
  4 hobgoblins
  2 jackals (D:2)
  A kobold (D:1)
  4 quokkas
  8 ball pythons
  5 bats
  2 frilled lizards
  8 rats
67 creatures vanquished.

Vanquished Creatures (others)
  A demonic plant (D:1)
  3 fungi (D:1)
  2 plants (D:1)
  A withered plant (D:1)
7 creatures vanquished.

Grand Total: 74 creatures vanquished

Notes
Turn   | Place    | Note
-------+----------+-------------------------------------------
     0 | D:1      | issech the Minotaur Monk began the quest for the Orb.
     0 | D:1      | Reached XP level 1. HP: 19/19 MP: 0/0
   357 | D:1      | Found a faded altar of an unknown god.
   370 | D:1      | Reached XP level 2. HP: 27/27 MP: 1/1
   613 | D:1      | Found Lulyulu's Armour Shop.
   988 | D:2      | Found a shadowy altar of Dithmenos.
  1002 | D:2      | Reached XP level 3. HP: 25/33 MP: 2/2
  1364 | D:2      | Reached skill level 1 in Armour
  1794 | D:3      | Reached XP level 4. HP: 41/41 MP: 3/3
  2232 | D:3      | Reached skill level 5 in Axes
  2488 | D:3      | Found a runed translucent door.
  2489 | D:3      | Noticed Crazy Yiuf
  2957 | D:3      | Killed Crazy Yiuf
  2958 | D:3      | Reached XP level 5. HP: 4/47 MP: 0/4
  3354 | D:4      | Reached skill level 5 in Fighting
  3640 | D:4      | Noticed an ogre
  3651 | D:4      | Reached skill level 1 in Staves
  3721 | D:4      | Slain by an ogre

Illustrated notes

Levels and vault maps discovered:
D:1:      dpeg_arrival_round_c, layout_basic, shapermc_ecumenical_altar_gd,
          serial_shops, shop, minmay_3d_cube
D:2:      layout_basic, basic_altar
D:3:      layout_basic, grunt_decor_junction, minivault_26,
          supply_closet_lemuel, uniq_crazy_yiuf_cottage
D:4:      layout_rooms

Skill      XL: |  1  2  3  4  5 |
---------------+----------------+-----
Fighting       | 4 5 |  5.1
Axes           | 4 5 |  5.4
Armour         | 1 2 |  2.7
Dodging        | 4 |  4.0
Staves         | 1 |  1.1
Stealth        | |  1.6

Action                   |  1- 3 |  4- 6 || total
-------------------------+-------+-------++-------
Melee: Hand axe          |   106 |    43 ||   149
       Headbutt          |    16 |    12 ||    28
       Quarterstaff      |       |    22 ||    22
Armor: Scale mail        |    37 |    21 ||    58
       Robe              |     3 |       ||     3
Dodge: Dodged            |    68 |    31 ||    99
